Map: Jar Graystone

Players

Magick

  • Race: Terran Terran
  • Spawn Location: 9:00

Gracz - Winner!

  • Race: Terran Terran
  • Spawn Location: 5:00

DarkKnight

  • Race: Zerg Zerg
  • Spawn Location: 11:00

Maximus - Winner!

  • Race: Zerg Zerg
  • Spawn Location: 3:00

VOD

Have the link to the VOD?

Description

Time

  • Played on: Feb. 29, 2016, 2:48 p.m.
  • Length: 6:18
Show
View Real Time Build Order
Export as new Build Order

Magick Terran 

Build Orders: Command Center First (CC) 

Get SALT Encoding   

  12  0:01  SCV  
  13  0:13  SCV  
  14  0:25  SCV  
  15  0:37  Supply Depot  
  15  0:48  Refinery  
  15  0:58  SCV  
  16  1:10  SCV  
  17  1:12  Command Center  
  17  1:22  SCV  
  18  1:32  Barracks  
  18  1:34  SCV  
  19  1:47  SCV  
  20  1:58  Supply Depot  
  20  1:59  SCV  
  21  2:04  Refinery  
  21  2:11  SCV  
  22  2:23  SCV  
  22  2:24  Supply Depot  
  22  2:26  SCV  
  24  2:35  SCV  
  25  2:38  Supply Depot, SCV  
  26  2:47  SCV  
  26  2:48  Barracks, Barracks Reactor  
  26  2:50  SCV  
  28  3:02  SCV  
  29  3:13  Factory  
  29  3:14  SCV  
  29  3:16  Engineering Bay  
  30  3:24  Bunker  
  30  3:28  Reaper x2  
  32  3:42  Barracks Tech Lab  
  32  3:47  Orbital Command  
  32  3:54  Planetary Fortress  
  32  4:00  Reaper x2  
  34  4:07  Refinery  
  34  4:22  Marine  
  35  4:24  Hellion  
  37  4:32  Marine x2  
  39  4:40  Marine  
  40  4:46  Hellion  
  40  4:50  Marine x2  
  44  4:58  Marine  
  45  5:07  Hellion  
  45  5:08  Marine x2  
  49  5:16  Marine  
  44  5:26  Marine x2  
  46  5:29  Hellion  
  46  5:33  Marine  
  39  5:44  Marine x2  
  34  5:51  Hellion, Marine  
Show
View Real Time Build Order
Export as new Build Order

Gracz Terran - Winner!

Build Orders: Reaper Expand 

Get SALT Encoding   

  12  0:02  SCV  
  13  0:20  Supply Depot  
  13  0:26  Refinery  
  13  0:32  Supply Depot  
  13  0:33  SCV  
  14  0:47  Refinery  
  14  1:00  SCV  
  14  1:02  Barracks  
  15  1:16  SCV  
  16  1:27  Supply Depot  
  16  1:37  Engineering Bay  
  16  1:51  Supply Depot  
  16  2:03  Marine  
  17  2:24  Barracks Reactor  
  17  2:25  Barracks  
  17  2:56  Command Center  
  17  3:02  Reaper x2  
  19  3:19  Barracks Reactor  
  19  3:28  SCV  
  20  3:34  Reaper x2  
  20  3:40  SCV  
  23  3:56  Reaper x2  
  25  4:06  Reaper x2  
  27  4:11  Refinery  
  27  4:23  SCV  
  28  4:28  Reaper x2  
  30  4:34  Refinery  
  30  4:35  SCV  
  28  4:47  SCV  
  28  4:57  Marine x2  
  29  5:00  Marine x2, SCV  
  32  5:12  SCV  
  30  5:27  Marine x2  
  30  5:28  Marine x2  
  33  5:35  Factory  
  33  5:45  Marine x2  
  33  5:46  Marine x2  
  37  5:56  Factory  
  37  5:57  SCV  
Show
View Real Time Build Order
Export as new Build Order

DarkKnight Zerg 

Build Orders: Hatch First 

Get SALT Encoding   

  12  0:01  Drone  
  13  0:12  Overlord  
  13  0:17  Drone  
  14  0:30  Drone x2  
  14  0:34  Drone  
  17  0:45  Drone  
  18  0:57  Hatchery  
  18  0:59  Drone  
  18  1:08  Drone  
  19  1:12  Extractor  
  18  1:20  Spawning Pool  
  18  1:21  Drone  
  18  1:28  Drone  
  19  1:38  Overlord  
  19  1:50  Drone  
  20  2:00  Drone  
  21  2:06  Queen  
  23  2:08  Queen  
  23  2:10  Drone  
  23  2:12  Drone  
  27  2:20  Zergling x2  
  27  2:22  Zergling x2  
  29  2:27  Extractor  
  28  2:31  Drone  
  28  2:36  Drone  
  30  2:41  Zergling x2  
  31  2:49  Queen  
  33  2:53  Drone x2  
  35  3:08  Lair  
  35  3:09  Drone  
  35  3:11  Overlord  
  36  3:32  Drone x3  
  36  3:33  Drone x5  
  44  3:35  Overlord x2  
  44  3:37  Metabolic Boost  
  44  3:53  Overlord  
  41  4:04  Zergling x2  
  41  4:05  Zergling x8  
  41  4:09  Zergling x4  
  48  4:14  Zergling x2  
  43  4:19  Zergling x2  
  33  4:26  Zergling x2  
  33  4:29  Drone x4  
  24  4:32  Zergling x6  
  26  4:40  Zergling x2  
  26  4:44  Zergling x2  
  15  4:47  Zergling x2  
  14  4:55  Zergling x2  
Show
View Real Time Build Order
Export as new Build Order

Maximus Zerg - Winner!

Build Orders: Hatch First, Zergling Baneling 

Get SALT Encoding   

  12  0:02  Drone  
  13  0:12  Drone  
  14  0:17  Overlord  
  14  0:21  Extractor  
  14  0:23  Drone  
  15  0:37  Drone x2  
  17  0:52  Hatchery  
  17  0:55  Drone  
  17  0:59  Drone  
  17  1:03  Extractor  
  17  1:06  Drone  
  18  1:17  Spawning Pool  
  17  1:21  Drone  
  18  1:28  Drone  
  19  1:39  Drone  
  20  1:49  Overlord  
  20  2:00  Drone  
  21  2:04  Drone  
  21  2:05  Queen x2  
  21  2:08  Metabolic Boost  
  26  2:11  Drone  
  27  2:21  Drone  
  28  2:23  Drone  
  28  2:27  Drone  
  30  2:32  Overlord  
  30  2:40  Zergling x2  
  31  2:45  Baneling Nest  
  31  2:46  Zergling x2  
  31  2:59  Zergling x4  
  31  3:00  Zergling x2  
  31  3:04  Overlord  
  34  3:09  Zergling x2  
  35  3:18  Overlord  
  35  3:26  Zergling x8  
  40  3:27  Zergling x4  
  41  3:34  Zergling x2  
  41  3:37  Baneling x2  
  42  3:42  Baneling  
  42  3:43  Baneling x4  
  42  3:44  Zergling x2  
  42  3:45  Zergling x2  
  45  3:48  Zergling x2  
  45  3:56  Zergling x2  
  45  4:04  Zergling x8  
  45  4:05  Zergling x6  
  50  4:19  Zergling x2  
  45  4:33  Zergling x2  
  45  4:34  Zergling x18  
  53  4:48  Zergling x4  
  55  4:54  Baneling  
  55  4:55  Baneling x8  
  55  4:56  Zergling x2  
  53  5:02  Zergling x2  
  53  5:03  Zergling x8  
  47  5:24  Zergling x12  
  47  5:28  Zergling x2  
  49  5:35  Zergling x2  
  44  5:42  Zergling x2  
  44  5:43  Zergling x6  
  44  5:44  Baneling  
  44  5:45  Baneling x2  
  46  5:52  Zergling x2  
  46  5:53  Zergling x8  
Tags
 
Add a new tag
Caveats
  • Supply blocks, unpowered buildings, or Contaminate may cause inaccurate times.
  • Supply counts are checked every 10 seconds.